 Dungeon Crawl Stone Soup version 0.31-a0-142-g31f6795574 (console) character file.

Game seed: 14229944811852758641

10934 jejorda2 the Basher (level 11, -13/89 HPs)
             Began as a Gnoll Berserker on June 3, 2023.
             Was an Elder of Trog.
             Mangled by a yaktaur captain (25 damage)
             ... on level 11 of the Dungeon.
             The game lasted 00:30:01 (11291 turns).

jejorda2 the Basher (Gnoll Berserker)              Turns: 11291, Time: 00:30:01

Health: -13/89     AC: 20    Str: 28    XL:     11   Next: 69%
Magic:  0/21       EV: 10    Int:  6    God:    Trog [****..]
Gold:   1040       SH:  0    Dex: 11    Spells: 23/23 levels left

rFire   + . .        a - +7 great mace {chaos, chaos arc}
rCold   + . .        (shield currently unavailable)
rNeg    . . .        w - +0 plate armour
rPois   .            k - +0 helmet
rElec   .            (no cloak)
rCorr   +            D - +2 pair of gloves
SInv    .            F - +1 pair of boots
Will    +....        d - amulet "Uphan" {Spirit rF+ rC+ rCorr Slay+3} Stlth
                     A - ring of willpower
HPRegen 0.34/turn    v - +6 ring of strength
MPRegen 0.17/turn

%: guardian spirit
@: on berserk cooldown, slowed, very slow
A: fangs 1, strong nose, distributed training
a: Renounce Religion, Berserk, Trog's Hand, Brothers in Arms


You were on level 11 of the Dungeon.
You worshipped Trog.
Trog was greatly pleased with you.
You visited 1 branch of the dungeon, and saw 11 of its levels.

You collected 1150 gold pieces.
You spent 110 gold pieces at shops.

Inventory:

Hand Weapons
 a - the +7 mace of Variability (weapon) {chaos, chaos arc}
   (You found it on level 10 of the Dungeon)
 b - a +0 sling of electrocution
 I - a +0 morningstar of freezing
Missiles
 e - 103 stones (quivered)
 h - a curare-tipped dart
 j - 49 poisoned darts
 t - 4 atropa-tipped darts
 x - 10 boomerangs
Armour
 k - a +0 helmet (worn)
 w - a +0 plate armour (worn)
 D - a +2 pair of gloves (worn)
 F - a +1 pair of boots (worn)
Jewellery
 d - the amulet "Uphan" (around neck) {Spirit rF+ rC+ rCorr Slay+3}
   (You acquired it on level 6 of the Dungeon)

   [amulet of guardian spirit]

   It causes incoming damage to be divided between your reserves of health and
   magic.
   Slay:      It affects your accuracy & damage with ranged weapons and melee
   (+3).
   rF:        It protects you from fire.
   rC:        It protects you from cold.
   rCorr:     It protects you from acid and corrosion.
 i - a ring of willpower
 p - a ring of protection from fire
 v - a +6 ring of strength (right hand)
 A - a ring of willpower (left hand)
Wands
 r - a wand of digging (1)
 y - a wand of flame (45)
 B - a wand of light (8)
 C - a wand of mindburst (22)
 H - a wand of paralysis (3)
Scrolls
 l - 3 scrolls of teleportation
 G - a scroll of identify
Potions
 g - 3 potions of lignification
 m - 5 potions of curing
 n - 2 potions of heal wounds
 o - a potion of invisibility
 s - 6 potions of haste
 u - a potion of mutation
 z - 3 potions of enlightenment
 E - 2 potions of ambrosia


   Skills:
 + Level 9.5 Fighting
 + Level 6.8 Short Blades
 + Level 6.8 Long Blades
 + Level 6.8 Axes
 + Level 9.5 Maces & Flails
 + Level 6.8 Polearms
 + Level 6.8 Staves
 + Level 6.8 Ranged Weapons
 + Level 6.8 Throwing
 + Level 8.3 Armour
 + Level 8.3 Dodging
 + Level 6.8 Stealth
 + Level 6.8 Shields
 + Level 6.8 Unarmed Combat
 + Level 6.8 Spellcasting
 + Level 5.6 Conjurations
 + Level 5.6 Hexes
 + Level 5.6 Summonings
 + Level 5.6 Necromancy
 + Level 5.6 Translocations
 + Level 5.6 Transmutations
 + Level 5.6 Fire Magic
 + Level 5.6 Ice Magic
 + Level 5.6 Air Magic
 + Level 5.6 Earth Magic
 + Level 5.6 Poison Magic
 + Level 7.4 Invocations
 + Level 6.8 Evocations


You had 23 spell levels left.
You didn't know any spells.
Your spell library was empty.

Dungeon Overview and Level Annotations

Branches:
Dungeon (11/15)            Temple (0/1) D:6            Lair (0/5) D:11
    Orc (0/2) D:11

Altars:
Ashenzari
Dithmenos
Fedhas
Gozag
Kikubaaqudgha
Makhleb
Okawaru
Qazlal
Ru
Sif Muna
Trog
Uskayaw
Vehumet
Wu Jian
Xom
Zin

Shops:
D:6 [   D:7 *   D:11 *


Innate Abilities, Weirdness & Mutations

You have very sharp teeth.
Your uncanny sense of smell can sniff out nearby items.
Your experience applies equally to all skills.


Message History

The yaktaur captain is moderately wounded.
The yaktaur captain hits you!!
* * * LOW HITPOINT WARNING * * *
The yaktaur captain hits you but does no damage.
Unknown command.
You feel much better. The yaktaur captain hits you.
The wraith hits you but does no damage.
Unknown command.
A red film seems to cover your vision as you go berserk!
You feel yourself moving faster!
You feel mighty!
The yaktaur captain hits you but does no damage.
The yaktaur captain hits you. The wraith closely misses you.
Unknown command.
You thump the yaktaur captain!
The yaktaur captain appears confused.
The yaktaur captain is heavily wounded.
The yaktaur captain hits you.
You flatten the yaktaur captain like a pancake!!!
You drain the yaktaur captain!
The yaktaur captain is almost dead.
The wraith hits you but does no damage.
You sock the yaktaur captain! You freeze the yaktaur captain.
The yaktaur captain is almost dead.
The wraith barely misses you.
You bludgeon the wraith!! You freeze the wraith.
You destroy the wraith!
Trog accepts your kill.
Found a scroll of enchant armour, a potion of curing and a staff of poison.
You feel a strong urge to attack something.
There is an open door here.
You are no longer berserk.
You are exhausted.
You feel yourself slow down.
The yaktaur captain seems less confused.
The yaktaur captain hits you!
* * * LOW HITPOINT WARNING * * *
You barely miss the yaktaur captain.
The yaktaur captain is almost dead.
The yaktaur captain completely misses you.
The yaktaur captain hits you!!
You die...

**
**,,.§.≈≈≈)<§§≈##,,,,,*,,,*
,*
***,,,.§§≈≈..))≈≈≈#§.,***,***
,***,,,,,.§§≈.8.)8.≈≈≈§.**
*,* ,,,,,,,,,.≈≈8##''##8§§.#*
*,* ,,,,,*,,,≈§≈##....##§§≈#
*,* ,,,,,,*,,≈≈*#.$....##≈≈#
**,* ,,*,,,**,≈~#..####..#§§#
*,** ,,**,,,**~≈#..#|c#..#§§#
*,* ,****,,,,≈≈#.,#?@#..#§§#
*,* **
**,,*§§#..##'#..#≈≈#***,* *
**,,≈§*#......##≈≈#*,,,** *
*,,~~~##....##~~§§.,,,,**
**,,~~~######~~~.###***,**
*,,,~~≈§§≈≈~~~*** **,**
**,,,*≈≈§≈≈§~~,* **,*
*,,**#####..,,,** *** * **,,*
##..,,,*


You could see a yaktaur captain (berserk, drained).

Vanquished Creatures
  A two-headed ogre (D:9)
  2 wraiths
  3 wyverns
  A shadow (D:10)
  23 yaks
  6 steam dragons
  Menkaure (D:6)
  Edmund (D:6)
  An acid dragon (D:7)
  The ghost of SkeletonJelly the Poker, an amateur TeRe (D:3)
  2 water moccasins
  2 sky beasts
  4 orc warriors
  A black bear (D:6)
  4 ice beasts
  3 ogres
  A phantom (D:7)
  7 centaurs
  2 bullfrogs (D:8)
  2 gnoll sergeants (D:8)
  4 kobold brigands
  5 scorpions
  4 wights (D:8)
  5 howler monkeys
  3 gnoll boudas
  4 hounds
  4 jellies
  5 orc priests
  2 sleepcaps
  Terence (D:2)
  4 iguanas
  10 orc wizards
  Robin (D:2)
  18 gnolls
  7 adders
  A shadow imp (D:8)
  2 white imps (D:8)
  2 worms (D:3)
  3 dart slugs
  37 orcs
  8 ball pythons
  2 bats
  5 endoplasms
  4 giant cockroaches
  12 goblins
  16 hobgoblins
  3 jackals (D:3)
  4 quokkas
  A frilled lizard (D:1)
  21 kobolds
  An orc zombie (D:10)
  3 rats
270 creatures vanquished.

Vanquished Creatures (collateral kills)
  3 chaos spawn (D:10)
3 creatures vanquished.

Vanquished Creatures (others)
  A human (D:5)
  An orc wizard (D:8)
2 creatures vanquished.

Grand Total: 275 creatures vanquished

Notes
Turn   | Place    | Note
-------+----------+-------------------------------------------
     0 | D:1      | jejorda2 the Gnoll Berserker began the quest for the Orb.
     0 | D:1      | Reached XP level 1. HP: 23/23 MP: 1/1
   164 | D:1      | Reached XP level 2. HP: 29/29 MP: 2/2
   600 | D:1      | Reached XP level 3. HP: 33/35 MP: 3/3
   867 | D:2      | Noticed Robin
   873 | D:1      | Reached ** piety under Trog
   952 | D:2      | Noticed Terence
   992 | D:1      | Reached skill level 1 in Invocations
  1370 | D:2      | Killed Terence
  1371 | D:2      | Reached skill level 1 in Short Blades
  1371 | D:2      | Reached skill level 1 in Long Blades
  1371 | D:2      | Reached skill level 1 in Axes
  1371 | D:2      | Reached skill level 1 in Polearms
  1371 | D:2      | Reached skill level 1 in Staves
  1371 | D:2      | Reached skill level 1 in Ranged Weapons
  1371 | D:2      | Reached skill level 1 in Throwing
  1371 | D:2      | Reached skill level 1 in Stealth
  1371 | D:2      | Reached skill level 1 in Shields
  1371 | D:2      | Reached skill level 1 in Unarmed Combat
  1371 | D:2      | Reached skill level 1 in Spellcasting
  1371 | D:2      | Reached skill level 1 in Evocations
  1371 | D:2      | Reached XP level 4. HP: 41/41 MP: 5/5
  1443 | D:2      | Killed Robin
  1458 | D:2      | Reached skill level 1 in Conjurations
  1458 | D:2      | Reached skill level 1 in Hexes
  1458 | D:2      | Reached skill level 1 in Summonings
  1458 | D:2      | Reached skill level 1 in Necromancy
  1458 | D:2      | Reached skill level 1 in Translocations
  1458 | D:2      | Reached skill level 1 in Transmutations
  1458 | D:2      | Reached skill level 1 in Fire Magic
  1458 | D:2      | Reached skill level 1 in Ice Magic
  1458 | D:2      | Reached skill level 1 in Air Magic
  1458 | D:2      | Reached skill level 1 in Earth Magic
  1458 | D:2      | Reached skill level 1 in Poison Magic
  1985 | D:3      | Found a blossoming altar of Fedhas.
  1988 | D:3      | Reached XP level 5. HP: 47/47 MP: 7/7
  2104 | D:3      | Found a glowing silver altar of Zin.
  2127 | D:3      | Found a faded altar of an unknown god.
  2201 | D:3      | Found a runed translucent door.
  2271 | D:3      | Reached *** piety under Trog
  2359 | D:3      | Found an opulent altar of Gozag.
  2520 | D:3      | Found a hide-covered altar of Uskayaw.
  2643 | D:3      | Noticed SkeletonJelly's ghost (amateur TeRe)
  2750 | D:3      | Killed SkeletonJelly's ghost
  2751 | D:3      | Reached skill level 5 in Armour
  2751 | D:3      | Reached skill level 5 in Dodging
  2751 | D:3      | Reached XP level 6. HP: 53/53 MP: 8/8
  2833 | D:4      | Found a burning altar of Makhleb.
  3121 | D:4      | Reached XP level 7. HP: 60/60 MP: 10/10
  3663 | D:4      | Found a sacrificial altar of Ru.
  3665 | D:4      | Found a shimmering blue altar of Sif Muna.
  4210 | D:5      | Entered Level 5 of the Dungeon
  4267 | D:5      | Found a radiant altar of Vehumet.
  4356 | D:5      | Found an ancient bone altar of Kikubaaqudgha.
  4361 | D:5      | Noticed a human
  4362 | D:5      | Killed a human
  4421 | D:5      | Reached XP level 8. HP: 67/67 MP: 12/12
  4637 | D:5      | Reached **** piety under Trog
  5244 | D:6      | Identified a scroll of acquirement
  5244 | D:6      | Acquired the amulet "Uphan" {Spirit rF+ rC+ rCorr Slay+3}
  5268 | D:6      | Reached XP level 9. HP: 26/73 MP: 14/14
  5529 | D:6      | Noticed Edmund
  5546 | D:6      | Killed Edmund
  5709 | D:6      | Found Pyiqoah's Armour Boutique.
  5925 | D:6      | Noticed Menkaure
  5937 | D:6      | Killed Menkaure
  6116 | D:6      | Found a staircase to the Ecumenical Temple.
  6393 | D:6      | Identified the +2 dagger "Cekheng" {freeze, rC- rCorr
                  | Int+3}
  6645 | D:7      | Reached skill level 5 in Invocations
  6757 | D:7      | Found Wymasep's General Store.
  6765 | D:7      | Bought a +0 morningstar of freezing for 110 gold pieces
  6977 | D:7      | Found a broken altar of Ashenzari.
  7683 | D:7      | Found Wymasep's General Store.
  7696 | D:7      | Reached skill level 5 in Short Blades
  7696 | D:7      | Reached skill level 5 in Long Blades
  7696 | D:7      | Reached skill level 5 in Axes
  7696 | D:7      | Reached skill level 5 in Polearms
  7696 | D:7      | Reached skill level 5 in Staves
  7696 | D:7      | Reached skill level 5 in Ranged Weapons
  7696 | D:7      | Reached skill level 5 in Throwing
  7696 | D:7      | Reached skill level 5 in Stealth
  7696 | D:7      | Reached skill level 5 in Shields
  7696 | D:7      | Reached skill level 5 in Unarmed Combat
  7696 | D:7      | Reached skill level 5 in Spellcasting
  7696 | D:7      | Reached skill level 5 in Evocations
  7696 | D:7      | Reached XP level 10. HP: 53/81 MP: 10/17
  7796 | D:8      | Found a bloodstained altar of Trog.
  7826 | D:8      | Found a stormy altar of Qazlal.
  8989 | D:8      | Reached ***** piety under Trog
  9326 | D:9      | Found a shadowy altar of Dithmenos.
  9710 | D:9      | Found an iron altar of Okawaru.
  9733 | D:9      | Reached skill level 5 in Conjurations
  9733 | D:9      | Reached skill level 5 in Hexes
  9733 | D:9      | Reached skill level 5 in Summonings
  9733 | D:9      | Reached skill level 5 in Necromancy
  9733 | D:9      | Reached skill level 5 in Translocations
  9733 | D:9      | Reached skill level 5 in Transmutations
  9733 | D:9      | Reached skill level 5 in Fire Magic
  9733 | D:9      | Reached skill level 5 in Ice Magic
  9733 | D:9      | Reached skill level 5 in Air Magic
  9733 | D:9      | Reached skill level 5 in Earth Magic
  9733 | D:9      | Reached skill level 5 in Poison Magic
  9738 | D:9      | Reached XP level 11. HP: 89/89 MP: 18/20
  9814 | D:9      | Noticed a two-headed ogre
  9821 | D:9      | Killed a two-headed ogre
 10171 | D:10     | Entered Level 10 of the Dungeon
 10435 | D:10     | Found an ornate altar of the Wu Jian Council.
 10708 | D:10     | Found a shimmering altar of Xom.
 10709 | D:10     | Found the +7 mace of Variability {chaos, chaos arc}
 11256 | D:11     | Found Buetih's General Store.
 11272 | D:11     | Noticed a yaktaur captain
 11291 | D:11     | Mangled by a yaktaur captain

Illustrated notes

Levels and vault maps discovered:
D:1:      sevenhm_arrival_forest_fort_small_5, layout_loops_ring,
          minmay_tromino_i4
D:2:      layout_rooms, kennysheep_generic_room_14, uniq_robin, uniq_terence
D:3:      layout_basic, pdpol_temple_overflow_zin_treasury_gozag_greed,
          nicolae_overflow_hidden_temple, mainiacjoe_overflow_paths,
          ebering_ecumenical_altar_hall, ebering_ghost_sewer_d
D:4:      layout_layer_cave, mainiacjoe_overflow_boulevard,
          mainiacjoe_overflow_big_doors, minmay_vboxes
D:5:      minmay_chambers_of_fours, layout_rooms, mainiacjoe_overflow_alcove_2,
          tgw_kikubaaqudgha, st_stairs_10
D:6:      layout_basic, minmay_temple_entry_statues_pillars, serial_shops,
          nicolae_stop_n_shop_2, uniq_edmund, uniq_menkaure
D:7:      layout_rooms, pf_just_have_faith, serial_shops, nicolae_shop_trees
D:8:      minmay_polygon_palace, layout_cave_pods, amcnicky_altar_gilded,
          nicolae_qazlal_general_emergency
D:9:      layout_basic, nicolae_overflow_crystal_walls,
          nicolae_dithmenos_shadow_blocks
D:10:     layout_stronghold, nicolae_wu_jian_glorious_leap,
          minmay_guarded_unrand_variability
D:11:     layout_layer_cave, erik_lair_island, orc_0_dummy, serial_shops,
          nicolae_shop_pleasant_corner_grove, gauntlet_entry_generic,
          kennysheep_island_fort

Skill      XL: |  1  2  3  4  5  6  7  8  9 10 11 |
---------------+----------------------------------+-----
Invocations    | 1 2 3 4 5 6 7 |  7.4
Short Blades   | 1 2 3 5 6 |  6.8
Long Blades    | 1 2 3 5 6 |  6.8
Axes           | 1 2 3 5 6 |  6.8
Polearms       | 1 2 3 5 6 |  6.8
Staves         | 1 2 3 5 6 |  6.8
Ranged Weapons | 1 2 3 5 6 |  6.8
Throwing       | 1 2 3 5 6 |  6.8
Stealth        | 1 2 3 5 6 |  6.8
Shields        | 1 2 3 5 6 |  6.8
Unarmed Combat | 1 2 3 5 6 |  6.8
Spellcasting   | 1 2 3 5 6 |  6.8
Evocations     | 1 2 3 5 6 |  6.8
Conjurations   | 1 2 3 4 5 |  5.6
Hexes          | 1 2 3 4 5 |  5.6
Summonings     | 1 2 3 4 5 |  5.6
Necromancy     | 1 2 3 4 5 |  5.6
Translocations | 1 2 3 4 5 |  5.6
Transmutations | 1 2 3 4 5 |  5.6
Fire Magic     | 1 2 3 4 5 |  5.6
Ice Magic      | 1 2 3 4 5 |  5.6
Air Magic      | 1 2 3 4 5 |  5.6
Earth Magic    | 1 2 3 4 5 |  5.6
Poison Magic   | 1 2 3 4 5 |  5.6
Armour         | 5 6 7 8 |  8.3
Dodging        | 5 6 7 8 |  8.3
Fighting       | 7 8 9 |  9.5
Maces & Flails | 7 8 9 |  9.5

Action                     |  1- 3 |  4- 6 |  7- 9 | 10-12 || total
---------------------------+-------+-------+-------+-------++-------
  Melee: Mace              |    82 |       |       |       ||    82
         Bite              |     8 |    11 |    32 |    38 ||    89
         Punch             |     1 |       |       |       ||     1
         Flail             |       |    97 |   196 |       ||   293
         Morningstar       |       |       |    43 |   239 ||   282
         Great mace        |       |       |       |    56 ||    56
   Fire: Sling             |     8 |    48 |    93 |    90 ||   239
 Invoke: Berserk           |     1 |     1 |     6 |     5 ||    13
         Trog's Hand       |       |     1 |     2 |     1 ||     4
         Brothers in Arms  |       |       |       |     1 ||     1
  Evoke: Wand              |       |       |     1 |       ||     1
    Use: Scroll            |       |       |    16 |     6 ||    22
         Potion            |       |       |     3 |     1 ||     4
   Stab: Sleeping          |     4 |       |       |       ||     4
         Paralysed         |       |       |       |     1 ||     1
 Armour: Leather armour    |     9 |       |       |       ||     9
         Ring mail         |    14 |       |       |       ||    14
         Chain mail        |       |    49 |    11 |       ||    60
         Plate armour      |       |       |   122 |   180 ||   302
  Dodge: Dodged            |    57 |    56 |    98 |   139 ||   350
  Block: Buckler           |    12 |    20 |    43 |    57 ||   132

Table legend: (Time is in decaauts)
 A = Elapsed time spent in this place.
 B = Non-inter-level travel time spent in this place.
 C = Inter-level travel time spent in this place.
 D = Time resting spent in this place.
 E = Time spent auto-exploring this place.
 F = Levels seen in this place.
 G = Mean time per level.
                   A        B        C        D        E       F      G
               +--------+--------+--------+--------+--------+-----+--------+
         Total |  11537 |  10932 |    605 |    856 |   7798 |  11 | 1048.8 |
       Dungeon |  11537 |  10932 |    605 |    856 |   7798 |  11 | 1048.8 |
               +--------+--------+--------+--------+--------+-----+--------+

Top non-repeatable levels by time:
     D:8: 1518 daAuts
     D:5: 1349 daAuts
     D:4: 1258 daAuts
     D:7: 1194 daAuts
     D:3: 1165 daAuts
     D:1: 1114 daAuts
    D:10: 1110 daAuts
     D:6: 1108 daAuts
     D:9: 921 daAuts
     D:2: 759 daAuts
    D:11: 35 daAuts
